Map: Nightshade LE

Players

AGOElazer (Elazer) - Winner!

  • Race: Zerg Zerg
  • League: Master
  • Spawn Location: 11:00

Serral

  • Race: Zerg Zerg
  • League: Grandmaster
  • Spawn Location: 5:00

Event: Shopify TSL 5

VOD

Have the link to the VOD?

Description

Time

  • Played on: May 17, 2020, 1:53 p.m.
  • Length: 10:58

All games in this series

Show
View Real Time Build Order
Export as new Build Order

AGOElazer Zerg - Winner!

Build Orders: Hatch First 

Get SALT Encoding   

  12  0:00  Drone  
  13  0:12  Overlord  
  13  0:17  Drone  
  14  0:30  Drone x2  
  16  0:48  Hatchery  
  15  0:51  Drone  
  15  0:55  Drone  
  17  0:57  Drone  
  17  1:02  Extractor  
  17  1:13  Spawning Pool  
  17  1:16  Drone  
  17  1:20  Drone  
  18  1:28  Drone  
  19  2:00  Queen x2, Zergling x8  
  27  2:04  Metabolic Boost  
  28  2:15  Zergling x2  
  21  2:35  Drone x2  
  22  2:47  Zergling x4  
  22  2:50  Zergling x2  
  25  2:54  Zergling x2  
  25  2:58  Zergling x2  
  27  3:04  Overlord  
  27  3:23  Drone x6  
  33  3:27  Drone  
  33  3:30  Drone  
  33  3:42  Drone x2  
  33  3:45  Drone  
  35  3:52  Drone  
  33  3:56  Drone x2  
  33  3:58  Overlord  
  33  4:02  Baneling Nest  
  34  4:03  Drone  
  35  4:17  Drone x2  
  35  4:18  Hatchery  
  35  4:19  Drone  
  35  4:21  Drone  
  38  4:24  Drone  
  38  4:26  Drone  
  38  4:27  Drone  
  38  4:30  Zergling x2  
  38  4:31  Zergling x2  
  43  4:37  Overlord  
  43  4:48  Baneling x2  
  43  4:49  Overlord  
  43  4:54  Queen  
  43  4:55  Zergling x12  
  51  5:01  Evolution Chamber  
  51  5:03  Drone  
  51  5:08  Drone x5  
  56  5:25  Overlord  
  56  5:26  Drone x4  
  59  5:29  Zerg Missile Weapons Level 1  
  59  5:30  Drone  
  59  5:31  Extractor, Roach Warren  
  59  5:33  Drone x3  
  61  5:36  Baneling x2  
  60  5:48  Drone x3, Overlord  
  63  5:52  Drone x2  
  64  6:00  Overlord  
  64  6:03  Overlord  
  63  6:08  Extractor  
  63  6:09  Drone x3  
  67  6:11  Roach x2  
  67  6:13  Extractor  
  67  6:15  Extractor, Zergling x10  
  69  6:21  Roach x2, Spine Crawler  
  69  6:22  Roach  
  69  6:23  Spine Crawler  
  74  6:28  Roach x3  
  74  6:31  Roach x2  
  83  6:35  Extractor, Overlord  
  83  6:38  Roach x2  
  86  6:42  Roach  
  86  6:45  Roach x2  
  86  6:46  Spine Crawler  
  91  6:49  Roach  
  91  6:50  Roach  
  95  6:54  Overlord  
  95  6:57  Roach x2  
  95  7:01  Roach x2  
  97  7:05  Roach x2  
  89  7:10  Roach x2  
  91  7:15  Roach x2  
  91  7:16  Roach  
Show
View Real Time Build Order
Export as new Build Order

Serral Zerg 

Build Orders: 1 Base Baneling Bust, Pool First 

Get SALT Encoding   

  12  0:00  Drone  
  13  0:21  Spawning Pool  
  12  0:24  Drone  
  13  0:29  Drone  
  14  0:36  Extractor, Drone  
  14  0:45  Overlord  
  14  1:07  Zergling x4  
  14  1:08  Zergling x2  
  17  1:18  Zergling x2  
  17  1:20  Baneling Nest  
  17  1:29  Zergling x2  
  18  1:42  Hatchery  
  18  1:46  Zergling x2  
  18  1:52  Drone  
  19  2:06  Baneling x2  
  19  2:10  Queen  
  21  2:20  Overlord  
  21  2:23  Drone  
  20  2:31  Drone  
  20  2:34  Drone  
  19  2:46  Queen  
  19  2:48  Drone  
  22  2:56  Zergling x2  
  22  2:57  Drone  
  24  3:06  Drone x2  
  26  3:19  Baneling  
  26  3:20  Zergling x4, Baneling  
  26  3:25  Zergling x4  
  29  3:31  Zergling x2  
  30  3:37  Drone  
  30  3:38  Drone  
  30  3:41  Baneling  
  30  3:43  Drone  
  30  3:48  Drone x2  
  33  3:53  Extractor  
  33  3:55  Drone x2  
  33  3:58  Metabolic Boost  
  34  4:06  Overlord  
  34  4:09  Drone  
  35  4:24  Drone x3  
  35  4:25  Drone x3  
  41  4:37  Drone  
  42  4:42  Hatchery  
  42  4:43  Evolution Chamber  
  42  4:44  Overlord  
  40  4:48  Drone x2  
  42  4:55  Extractor  
  42  4:57  Zergling x2  
  42  4:58  Roach Warren  
  41  5:02  Overlord  
  41  5:03  Drone  
  42  5:07  Baneling  
  42  5:11  Drone  
  42  5:14  Drone  
  42  5:15  Drone  
  42  5:19  Overlord  
  44  5:21  Zergling x4  
  44  5:22  Zergling x2, Baneling  
  44  5:28  Overlord, Baneling  
  47  5:34  Zergling x6  
  50  5:37  Baneling  
  49  5:52  Overlord  
  49  5:56  Roach x6  
  60  6:01  Roach  
  61  6:04  Roach  
  61  6:07  Queen  
  61  6:10  Roach  
  67  6:17  Roach x3  
  72  6:25  Zergling x2  
  72  6:26  Zergling x8  
  72  6:29  Zergling x8  
  72  6:32  Baneling x6  
  81  6:35  Zergling x2  
  81  6:37  Baneling  
  82  6:40  Zergling x4  
  82  6:45  Overlord  
  82  6:47  Baneling x2  
  84  6:52  Zergling x8  
  84  6:53  Zergling x2  
  79  7:03  Zergling x10  
  75  7:11  Zergling x6  
Tags
 
Add a new tag
Caveats
  • Supply blocks, unpowered buildings, or Contaminate may cause inaccurate times.
  • Supply counts are checked every 10 seconds.